Cogmind - Beta 15 @@@ ROGUE MODE // 2025.08.21 @ 13:25:41 Player: LymphNodeJones Result: Destroyed by as-21880 with Assembled Heavy Rifle Performance ------------- Evolutions (0) 0 Regions Visited (4) 800 Robots Destroyed (19) 95 Value Destroyed (330) 330 Prototype IDs (0) 0 Alien Tech Used (0) 0 Bonus (0) 0 TOTAL SCORE: 1225 Bonus ------- None Cogmind --------- Core Integrity 0/250 Matter 268/300 Energy 100/100 System Corruption 0% Temperature Cool (0) Movement Core (50) Location -9/Mines Parts ------- > --- POWER (1) -------- (None) > --- PROPULSION (2) --- (None) > --- UTILITY (2) ------ Core Shielding > --- WEAPON (2) ------- Mini Grenade Launcher > --- INVENTORY (5) ---- (None) Peak State ------------ > --- POWER ------------ Light Ion Engine > --- PROPULSION ------- Aluminum Leg Aluminum Leg > --- UTILITY ---------- Core Shielding Propulsion Shielding > --- WEAPON ----------- EM Pulse Gun Mini Grenade Launcher > --- INVENTORY -------- Nuclear Core Light Fission Core Mini Grenade Launcher [Rating: 9] Favorites ----------- Power Light Ion Engine Engine Light Ion Engine Propulsion Aluminum Leg Leg Aluminum Leg Utility Propulsion Shielding Protection Propulsion Shielding Weapon EM Pulse Gun Energy Gun EM Pulse Gun Ballistic Gun Light Assault Rifle Launcher Mini Grenade Launcher Build | -11 -10 -10 -10 -9 ------- Run | Yrd Mat Min Exi Min Slots Evolved . | . . . . . Power . | . . . . . Propulsion . | . . . . . Utility . | . . . . . Weapon . | . . . . . Parts Attached 13 | 5 6 1 . 1 Power 2 | 1 . 1 . . Engine 2 | 1 . 1 . . Core . | . . . . . Reactor . | . . . . . Propulsion 3 | 2 1 . . . Treads . | . . . . . Leg 3 | 2 1 . . . Wheel . | . . . . . Hover . | . . . . . Flight . | . . . . . Utility 3 | . 3 . . . Device . | . . . . . Storage . | . . . . . Processor . | . . . . . Hackware . | . . . . . Protection 3 | . 3 . . . Artifact . | . . . . . Weapon 5 | 2 2 . . 1 Energy Gun 1 | 1 . . . . Energy Cannon . | . . . . . Ballistic Gun 1 | 1 . . . . Ballistic Cannon . | . . . . . Launcher 3 | . 2 . . 1 Special Weapon . | . . . . . Impact Weapon . | . . . . . Slashing Weapon . | . . . . . Piercing Weapon . | . . . . . Special Melee Weapon . | . . . . . Unidentified Prototypes . | . . . . . Parts Lost 6 | . 1 . . 5 Power 1 | . . . . 1 Propulsion 2 | . . . . 2 Utility 1 | . . . . 1 Weapon 2 | . 1 . . 1 Highest Loss Streak 5 | . 1 . . 5 To Critical Strikes . | . . . . . Average Backups 2 | 1 2 2 3 3 Power 1 | . 1 . 2 2 Propulsion . | . . . . . Utility . | . . . . . Weapon 1 | . 1 2 1 1 Tool/Special . | . . . . . Unused Backups 4 | . . . 1 3 Power 3 | . . . . 3 Propulsion . | . . . . . Utility . | . . . . . Weapon 1 | . . . 1 . Tool/Special . | . . . . . Average Slot Usage (%) 88 | . 81 96 100 91 Engine 8 | . 5 10 14 11 Leg 28 | . 28 28 28 28 Protection 24 | . 21 28 28 28 Energy Gun 13 | . 13 14 14 11 Launcher 12 | . 10 14 14 11 Peak Build Rating 9 | 5 8 8 9 9 Average Rating 6 | 3 6 7 8 7 On Entrance 5 | . 4 7 8 9 Naked Turns . | . . . . . Heaviest Build 12 | 7 12 8 8 8 Greatest Support 20 | 20 20 20 20 20 Greatest Overweight (x) . | . . . . . Average Overweight (x) . | . . . . . Largest Inventory Capacity 5 | 5 5 5 5 5 Average Capacity 5 | 5 5 5 5 5 Most Carried 5 | 3 4 5 5 4 Average Carried 2 | 1 2 2 4 3 Final Capacity 5 | 5 5 5 5 5 Final Carried 5 | 2 3 5 4 . Class Distribution -------------------- 100% | Mutant Dominant Class ---------------- Mutant | -10/Materials Mutant | -10/Mines Mutant | -10/Exiles Mutant | -9/Mines Resources | -11 -10 -10 -10 -9 ----------- Run | Yrd Mat Min Exi Min Matter Collected 498 | 222 253 20 . 3 Remotely . | . . . . . Salvage Created 390 | . 340 . . 50 Parts 36 | . 36 . . . Haulers Intercepted . | . . . . . Recyclers Shooed 1 | . 1 . . . Parts Field Recycled . | . . . . . Retrieved Matter . | . . . . . Parts Self-Destructed . | . . . . . Prevented . | . . . . . Kills | -11 -10 -10 -10 -9 ------- Run | Yrd Mat Min Exi Min Combat Hostiles Destroyed 24 | . 11 . . 13 Guns 3 | . 3 . . . AOE 21 | . 8 . . 13 Classes Destroyed 7 | . 6 . . 1 Worker 1 | . 1 . . . Builder 3 | . 3 . . . Recycler 1 | . 1 . . . Watcher 3 | . 3 . . . Swarmer 6 | . 6 . . . Grunt 5 | . 5 . . . Assembled 13 | . . . . 13 Best Kill Streak 13 | . 8 . . 13 Combat Bots Only 13 | . 7 . . 13 Max Kills in Single Turn 6 | . 3 . . 6 Gunslinging . | . . . . . Exploded 6 | . 2 . . 6 Melee . | . . . . . Uniques/NPCs Destroyed . | . . . . . Combat | -11 -10 -10 -10 -9 -------- Run | Yrd Mat Min Exi Min Hostile Shots Fired 62 | . 34 . . 28 Missed 22 | . 10 . . 12 Hits 40 | . 24 . . 16 Melee 4 | . . . . 4 Projectile 36 | . 24 . . 12 Critical Strikes 1 | . . . . 1 Damage Taken 836 | . 304 . . 532 Core 256 | . 63 . . 193 Absorbed by Shields . | . . . . . Redirected to Shielding 109 | . 39 . . 70 Regen/Repaired (Parts) 30 | . 30 . . . Core Remaining (%) 100 | 100 . . . . Volleys Fired 30 | . 22 . . 8 Largest 2 | . 2 . . 2 Hottest 70 | . 70 . . 70 Shots Fired 47 | . 38 . . 9 Gun 26 | . 22 . . 4 Cannon . | . . . . . Launcher 21 | . 16 . . 5 Special . | . . . . . Kinetic . | . . . . . Thermal . | . . . . . Explosive 21 | . 16 . . 5 Electromagnetic 26 | . 22 . . 4 Robot Hit Streak 3 | . 2 . . 3 Robot Miss Streak 9 | . 9 . . 1 Penetration Max . | . . . . . Secondary Targets . | . . . . . Shots Hit Robots 14 | . 8 . . 6 Core Hits 42 | . 26 . . 16 Critical Kills . | . . . . . Critical Parts Destroyed . | . . . . . Critical Strikes 1 | . 1 . . . Corrupt 1 | . 1 . . . Melee Attacks . | . . . . . Impact . | . . . . . Slashing . | . . . . . Piercing . | . . . . . Sneak Attacks . | . . . . . Combat Hostiles . | . . . . . Follow-up Attacks . | . . . . . Damage Inflicted 1828 | . 1171 . . 657 Guns 161 | . 127 . . 34 Cannons . | . . . . . Explosions 1667 | . 1044 . . 623 Melee . | . . . . . Ramming . | . . . . . Kinetic . | . . . . . Thermal 75 | . 75 . . . Explosive 1592 | . 969 . . 623 Electromagnetic 161 | . 127 . . 34 Impact . | . . . . . Slashing . | . . . . . Piercing . | . . . . . Highest Corruption . | . . . . . Average Corruption . | . . . . . Corruption Purged . | . . . . . Corruption Blocked . | . . . . . Overload Shots . | . . . . . Overflow Damage 97 | . 60 . . 37 Projectiles . | . . . . . Explosions 97 | . 60 . . 37 Melee . | . . . . . Knockbacks . | . . . . . Impact . | . . . . . Kinetic . | . . . . . Secondary . | . . . . . Self-Inflicted Damage 221 | . 94 . . 127 Shots 6 | . 3 . . 3 Rammed . | . . . . . Targets Rammed . | . . . . . Kicked . | . . . . . Crushed . | . . . . . Highest Temperature 66 | . 66 . . 12 Average Temperature 20 | . 24 . . 7 Received Heat Transfer 94 | . 54 . . 40 Siege Activations . | . . . . . Martial Activations . | . . . . . Shielding Activations . | . . . . . Robots Disrupted . | . . . . . Combat Hostiles . | . . . . . Robots Corrupted . | . . . . . Combat Hostiles . | . . . . . Parts Fried . | . . . . . Impact Corruptions . | . . . . . Robots Melted . | . . . . . Combat Hostiles . | . . . . . Parts Melted . | . . . . . Heat Transferred 150 | . 150 . . . Parts Sabotaged . | . . . . . Parts Stolen . | . . . . . Parts Stripped . | . . . . . Power Chain Reactions 2 | . 2 . . . Alert | -11 -10 -10 -10 -9 ------- Run | Yrd Mat Min Exi Min Maximum Alert Level 1 | . 1 . . . Low Security (%) 62 | 100 38 100 . 100 Level 1 37 | . 61 . . . Level 2 . | . . . . . Level 3 . | . . . . . Level 4 . | . . . . . Level 5 . | . . . . . High Security . | . . . . . Max Security . | . . . . . Peak Influence 304 | . 304 82 . 10 Initial 82 | . . 82 . . Average 109 | . 171 25 . 2 Influence Increases 517 | . 488 . . 29 Destroy 0b10 Robot/C 220 | . 220 . . . Destroy 0b10 Robot/NC 40 | . 40 . . . Destroy Leader 36 | . 36 . . . Successful Hack 7 | . 7 . . . Disable Machine 45 | . 45 . . . Destroy Structure 139 | . 110 . . 29 Lose Combat Pursuer 30 | . 30 . . . Influence Decreases 507 | . 276 212 . 19 Entered New Map 130 | . . 130 . . Time Decay 348 | . 266 82 . . Lost Part 29 | . 10 . . 19 Squads Dispatched 4 | . 4 . . . Investigation 2 | . 2 . . . Extermination . | . . . . . Reinforcement 2 | . 2 . . . Assault . | . . . . . Garrison . | . . . . . Intercept . | . . . . . Searches Triggered . | . . . . . Construction Impeded . | . . . . . Haulers Reinforced . | . . . . . Active Scanning Responses . | . . . . . Cargo Convoy Interrupts . | . . . . . Stealth | -11 -10 -10 -10 -9 --------- Run | Yrd Mat Min Exi Min Distress Signals 1 | . 1 . . . Communications Jammed . | . . . . . Distress Signals . | . . . . . Times Spotted 34 | . 18 . . 16 Peak Tracking Total 14 | . 6 . . 14 Tactical Retreats 1 | . 1 . . . Traps | -11 -10 -10 -10 -9 ------- Run | Yrd Mat Min Exi Min Traps Triggered 1 | . 1 . . . Indirectly . | . . . . . Trap Hack Attempts . | . . . . . Triggered . | . . . . . Disarmed . | . . . . . Reprogrammed . | . . . . . Reused . | . . . . . Traps Extracted . | . . . . . Installed . | . . . . . Triggered . | . . . . . Most Traps Carried 3 | . . 3 3 . Machines | -11 -10 -10 -10 -9 ---------- Run | Yrd Mat Min Exi Min Machines Disabled 5 | . 5 . . . Max in Single Turn 2 | . 2 . . . Machines Repaired . | . . . . . Machines Dismantled . | . . . . . Machines Sabotaged . | . . . . . Overloaded Fab Kills . | . . . . . Hacking | -11 -10 -10 -10 -9 --------- Run | Yrd Mat Min Exi Min Machines Accessed 8 | . 6 1 1 . Terminals 5 | . 4 1 . . Fabricators . | . . . . . Repair Stations 1 | . 1 . . . Recycling Units 1 | . 1 . . . Scanalyzers . | . . . . . Garrison Access . | . . . . . Total Hacks 43 | . 16 4 23 . Successful 31 | . 6 2 23 . Failed 12 | . 10 2 . . Catastrophic 1 | . 1 . . . Database Lockouts . | . . . . . Manual . | . . . . . Terminals 14 | . 10 4 . . Fabricators . | . . . . . Repair Stations 5 | . 5 . . . Recycling Units 1 | . 1 . . . Scanalyzers . | . . . . . Garrison Access . | . . . . . Terminal Hacks 28 | . 3 2 23 . Record 27 | . 2 2 23 . Alert Level 1 | . 1 . . . Fabricator Hacks . | . . . . . Repair Station Hacks 3 | . 3 . . . Scan Component 2 | . 2 . . . Repair 1 | . 1 . . . Recycling Unit Hacks . | . . . . . Scanalyzer . | . . . . . Garrison Access Hacks . | . . . . . Unauthorized Hacks . | . . . . . Terminals . | . . . . . Fabricators . | . . . . . Repair Stations . | . . . . . Recycling Units . | . . . . . Scanalyzers . | . . . . . Garrison Access . | . . . . . Data Cores Recovered . | . . . . . Used . | . . . . . Hacking Detections 5 | . 5 . . . Full Trace Events 3 | . 3 . . . Feedback Events . | . . . . . Feedback Blocked . | . . . . . Robot Schematics Acquired . | . . . . . Robots Built . | . . . . . Authchips . | . . . . . Time . | . . . . . Total Robot Build Rating . | . . . . . Part Schematics Acquired . | . . . . . Parts Built . | . . . . . Authchips . | . . . . . Time . | . . . . . Total Part Build Rating . | . . . . . Parts Repaired 1 | . 1 . . . Time 26 | . 26 . . . Parts Recycled . | . . . . . Recycled Matter . | . . . . . Retrieved Matter . | . . . . . Retrieved Components . | . . . . . Parts Scanalyzed . | . . . . . Part Schematics Acquired . | . . . . . Parts Damaged . | . . . . . Bothacking | -11 -10 -10 -10 -9 ------------ Run | Yrd Mat Min Exi Min Used RIF Installer . | . . . . . Robots Hacked . | . . . . . Non-combat . | . . . . . Combat . | . . . . . Robot Hacks Applied . | . . . . . Relay Couplers Released . | . . . . . Fabnet Peak Effective % . | . . . . . Robots Rewired . | . . . . . Allies Hacked . | . . . . . Hacks Repelled . | . . . . . Allies | -11 -10 -10 -10 -9 -------- Run | Yrd Mat Min Exi Min Total Allies . | . . . . . Largest Group . | . . . . . Highest-Rated Group . | . . . . . Highest-Rated Ally . | . . . . . Total Orders . | . . . . . Ally Attacks . | . . . . . Total Damage . | . . . . . Kills . | . . . . . Allies Corrupted . | . . . . . Allies Melted . | . . . . . Intel | -11 -10 -10 -10 -9 ------- Run | Yrd Mat Min Exi Min Active Infowar (turns) . | . . . . . Robot Analysis Total . | . . . . . Derelict Logs Recovered . | . . . . . Drone Launches . | . . . . . Drone Recoveries . | . . . . . Exploration | -11 -10 -10 -10 -9 ------------- Run | Yrd Mat Min Exi Min Turns Passed 1626 | 192 813 293 280 48 Spaces Moved 859 | 43 383 197 228 8 Core 7 | 7 . . . . Treads . | . . . . . Legs 852 | 36 383 197 228 8 Wheels . | . . . . . Hover . | . . . . . Flight . | . . . . . Fastest Speed 50 | 50 120 120 120 120 Average Speed 119 | 108 120 120 120 120 Slowest Speed 120 | 120 120 120 120 120 Overloaded Moves . | . . . . . Propulsion Burnouts . | . . . . . Robots Hopped . | . . . . . Potential Cave-ins . | . . . . . Cave-ins Triggered . | . . . . . Exploration Rate (%) 38 | 5 78 46 55 6 Regions Visited 4 Branch Regions 3 Pre-discovered Areas 1 | . . . 1 . Known Exits Taken . | . . . . . Unknown Exits Taken 4 | 1 1 1 1 . Scrap Searched 1 | . . 1 . . Spaces Dug . | . . . . . Terrain Destroyed 180 | . 131 . . 49 Melee . | . . . . . Projectile . | . . . . . AOE 180 | . 131 . . 49 Terrain Rammed . | . . . . . Walls Destroyed . | . . . . . Machines Disabled . | . . . . . Actions | -11 -10 -10 -10 -9 --------- Run | Yrd Mat Min Exi Min Total 1417 | 189 700 253 236 39 Wait 482 | 135 275 53 . 19 Move 855 | 42 382 196 227 8 Hop . | . . . . . Pick Up 21 | 6 9 3 3 . Fast Attach . | . . . . . Attach 15 | 5 8 1 . 1 Detach 2 | 1 1 . . . Swap . | . . . . . Drop 10 | . 3 . 4 3 Fire 30 | . 22 . . 8 Melee . | . . . . . Ram . | . . . . . Kick . | . . . . . Crush . | . . . . . Escape Stasis . | . . . . . Rewire 2 | . . . 2 . Trap . | . . . . . Miscellaneous . | . . . . . Route ------- -11/Scrapyard -10/Materials (discovered 4 exits: [*Mat x2] / *Min / [*Sub]) -10/Mines (discovered 2 exits: [*Mat] / *Exi) -10/Exiles (discovered 2 exits: [*Min x2]) -9/Mines History --------- Turn | Location | Event 5 | -11/Scrapyard | Discovered new exit (range 15) 193 | -11/Scrapyard | Entered Materials 308 | -10/Materials | Build established: Mutant 432 | -10/Materials | Destroyed 7 combat bots 432 | -10/Materials | Discovered new exit (range 13) 533 | -10/Materials | Discovered new exit (range 15) 563 | -10/Materials | Discovered new exit (range 15) 932 | -10/Materials | Discovered new exit (range 10) 993 | -10/Materials | Repaired EM Pulse Gun 1006 | -10/Materials | Entered Mines 1182 | -10/Mines | Discovered new exit (range 12) 1255 | -10/Mines | Found a hidden stash of uninstalled traps 1290 | -10/Mines | Deemed a non-threat by the Exiles lab entrance 1291 | -10/Mines | Discovered new exit (range 5) 1299 | -10/Mines | Entered Exiles 1342 | -10/Exiles | Discovered new exit (range 14) 1368 | -10/Exiles | Met 8R-AWN 1393 | -10/Exiles | Met EX-HEX 1465 | -10/Exiles | Met EX-DEC 1498 | -10/Exiles | Learned location of Zion (-7) 1566 | -10/Exiles | Discovered new exit (range 12) 1579 | -10/Exiles | Entered Mines 1580 | -9/Mines | Assembled infested the area 1585 | -9/Mines | Assisted by a Guerilla fighting off Assembled 1621 | -9/Mines | Core integrity fell below 50% 1623 | -9/Mines | Core integrity fell below 20% 1627 | -9/Mines | Destroyed by as-21880 with Assembled Heavy Rifle Last Messages --------------- 01620_ as-06604 destroyed. 01620_ Destroyed Asb. F-torch. 01620_ as-22727 destroyed. 01620_ as-06881 destroyed. 01620_ as-52859 destroyed. 01620_ Propulsion Shielding destroyed. 01620_ Aluminum Leg destroyed. 01620_ Destroyed Aluminum Leg. 01620_ as-16504 destroyed. [Achievement: Quick And Dirty] 01620_ Rigged Lgt. Fission Core explodes. 01620_ as-30895 destroyed. 01620_ Aluminum Leg destroyed. 01620_ as-27189 destroyed. 01622_ as-80424 destroyed. 01622_ Destroyed Asb. Hover Unit. 01622_ as-54705 destroyed. 01622_ as-23317 destroyed. 01624_ as-99692 destroyed. 01626_ as-29436 destroyed. Map ----- +----------------------------------------------------+ | | | | | | | | | ??????????????????????????????????????? | | ??????????????????????????????????????? | | ??????????????????????????????????????? | | ??????????????????????????????????????? | | ??????????????????????????????????????? | | ??????????????????????????????????????? | | ??????????????????????????????????????? | | ??????????????????????????????????????? | | ??????????????????? % ????????????????? | | ?????????????????? a #???????????????? | | ?????????????????? ####????????????? | | ?????????????????# ????????????? | | ?????????####??? ????????????? | | ????????## ##?? ?????????????? | | ???????## ?? ??????????????? | | ??????## ??# #???????????????? | | ?????## ### #???????????????? | | ?????# ## #???????????????? | | ??????# # #???????????????? | | ??????## % % #????????????????? | | ??????# #??????????????????? | | ??????# %@ #???????????????????? | | ??????# #???????????????????? | | ??????### ##???????????????????? | | ????????### ##????????????????????? | | ??????????### ##?????????????????????? | | ????????????####??????????????????????? | | ??????????????????????????????????????? | | ??????????????????????????????????????? | | ??????????????????????????????????????? | | ??????????????????????????????????????? | | ??????????????????????????????????????? | | ??????????????????????????????????????? | | ??????????????????????????????????????? | | ??????????????????????????????????????? | | ??????????????????????????????????????? | | ??????????????????????????????????????? | | ??????????????????????????????????????? | | ??????????????????????????????????????? | | ??????????????????????????????????????? | | ??????????????????????????????????????? | | ??????????????????????????????????????? | | ??????????????????????????????????????? | | ??????????????????????????????????????? | | ??????????????????????????????????????? | | ??????????????????????????????????????? | +----------------------------------------------------+ Best States ------------- Heat Dissipation 25 Energy Generation 10 Energy Capacity 250 Matter Stores 300 Matter Capacity 300 Sight Range 16 Terrain Scan Density 10 Core Shielding 20 Propulsion Shielding 33 Evasion (%) 55 Item Schematics ----------------- None Robot Schematics ------------------ None Fabricated ------------ Nothing Repaired ---------- EM Pulse Gun | 33% | -10/Materials Alien Tech Used ----------------- None Achievements -------------- Librarian Quick And Dirty Challenges ------------ None Game ------ Seed WeaponsCompanionDrivehammer Manual? 0 Play Time 00:24:01 Cumulative 2.6 hours Start 2025.08.21 @ 12:49:23 End 2025.08.21 @ 13:25:41 Sessions 1 Manual Loads 0 Difficulty Rogue Special Mode None Game No. 4 Rogue 4 Adventurer 0 Explorer 0 Win Type - Total 0 Types 0/0/0/0/0/0/0/0/0/0 Lore% 2 Gallery% 5 Achievement% 12 Wizard Run 0 Options --------- Layout 1 ASCII 0 Keyboard 0 Movement Mouse Keybinds 0 Fullscreen 1 Font 24/Smallcaps Map View 25x17 Zoom Use 99% Tactical HUD 1 Map Filters NONE Filters NONE Steam 1 RUN: 5f081e48-3950-4010-a6dd-8a28f37723c6